TKirby, chaotic female elven Wizard ##############*######## --------- #----------- ##------------ ---------- |........########## #|.........| ##-.%........| |.?..(.?.| |*......| # #|.........| #|..........| |..=%[/+[| |........##### ###|..........########..........<| |...%??!?| |.......| #..........| # -.---.-.-.-- |.@...?[.| |........############--------|-- ### # # # f-.+).=!/.| |.......| # # ### # ###a@---------- ------.-- # ### # # a% # # # ### ### ### # # ## # # ### ##a ## # # ### ## -------|-# --|-.-+.# |^..{....# |......|# |.......| |..{_>..# --------- -------- TKirby the Thaumaturge Experience level: 6 Strength: 11 Dexterity: 14 Constitution: 15 Intelligence: 16 Wisdom: 13 Charisma: 11 Health: 0(41) Energy: 30(57) Def: 1 Gold: 23 Moves: 4294 Dungeon seed: JpgxouISylVQsXSo Game ID: TKirby_1506948336 Your Inventory: Coins $ - 23 gold pieces Weapons a - a blessed +1 quarterstaff (weapon in hands) I - a +0 elven dagger Armor e - an uncursed +0 cloak of magic resistance (being worn) Scrolls i - an uncursed scroll of confuse monster v - an uncursed scroll of enchant weapon E - an uncursed scroll of teleportation P - an uncursed scroll of identify Spellbooks l - a blessed spellbook of force bolt Q - an uncursed spellbook of levitation Potions f - an uncursed potion of confusion g - an uncursed potion of invisibility h - an uncursed potion of fruit juice w - a cursed potion of restore ability C - an uncursed potion of sickness G - an uncursed potion of gain ability J - an uncursed potion of restore ability O - an uncursed potion of object detection Rings c - an uncursed ring of searching (on left hand) d - a blessed +1 ring of increase accuracy x - a cursed ring of free action y - a cursed ring of teleportation z - an uncursed ring of levitation B - an uncursed ring of slow digestion K - a cursed ring of polymorph Wands b - a wand of slow monster (0:5) q - a wand of cancellation (0:8) Tools n - an uncursed wooden flute p - an uncursed skeleton key u - an expensive camera (0:80) R - an uncursed tin whistle Spells and supernatural/magical abilities: Name Level Category Fail Memory a - force bolt 1 attack 0% 79% z - sleep 1 enchantment 0% 79% W - pray for help -- divine ? -- Your skills at the end: Fighting Skills Weapon Skills quarterstaff [Basic] Spellcasting Skills attack spells [Basic] enchantment spells [Basic] Final Attributes: You were piously aligned. You were sleep resistant. You were magic-protected. You were telepathic. You had automatic searching. You had infravision. You were unlucky. You are dead. Vanquished creatures: a large mimic a leprechaun a wood nymph a rock mole a violet fungus a gnome lord an elf zombie 3 floating eyes 2 hill orcs a monkey a dwarf zombie a werejackal an acid blob a coyote a gas spore 2 hobbits 4 giant rats a cave spider 3 yellow molds a green mold a red mold a gnome zombie 3 geckos 18 jackals 2 kobolds 2 goblins 5 sewer rats 6 lichens a kobold zombie 5 newts 73 creatures vanquished. Voluntary challenges: You used a wielded weapon 60 times, starting on turn 81. You read items or engraved 3 times, starting on turn 551. You never genocided any monsters. You never polymorphed an object. You never changed form. You used no wishes. You never split a pudding. You never wrote Elbereth's name. You never violated your personal moral code. Dungeon overview: The Dungeons of Doom: levels 1 to 6 Level 1 a fountain a long staircase Level 2 a jewelry store, an altar to Thoth Level 3 a long staircase Level 4 a weapon shop Level 5 Level 6 <- You were here a general store, an altar to Thoth, some fountains History has recorded: On T:1 you entered the Dungeons of Doom to retrieve the Amulet of Yendor! On T:548 you reached level 2 of The Dungeons of Doom. On T:597 you advanced to experience level 2. On T:1333 you advanced to experience level 3. On T:1389 you reached level 3 of The Dungeons of Doom. On T:1426 you reached level 6 of The Dungeons of Doom. On T:1603 you reached level 5 of The Dungeons of Doom. On T:1781 you reached level 4 of The Dungeons of Doom. On T:2167 you advanced to experience level 4. On T:3220 you advanced to experience level 5. On T:4087 you advanced to experience level 6. Score breakdown: Gold: 23 ( 4695 points) Experience: 6 levels (12456 points) Exploration: 6 levels ( 11.76%) ( 9486 points) Discoveries: 4 items ( 1.45%) ( 3611 points) Valuables value: (no points given unless you survive) Artifact value: 0 ( 0 points) Variety of kills: 30 monsters ( 7.87%) ( 8418 points) Turncount: 4294 turns (-1129 points) Survival: died (score multiplied by 80%) Total score: 30029 Latest messages: The fire ant bites! (2x) The jackal bites! The fire ant bites! (2x) The spell misses the fire ant. The fire ant bites! (2x) The jackal bites! Maple misses the fire ant. Maple bites the fire ant. The fire ant misses maple. The fire ant bites maple. Maple is on fire! The spell hits the jackal! You kill the jackal! The fire ant bites! (2x) Maple misses the fire ant. The fire ant bites! (2x) You begin praying to Anhur. The fire ant bites! You die... Final status: Goodbye TKirby the Wizard, killed by a fire ant, while praying... You died in The Dungeons of Doom on dungeon level 6 with 30029 points, and 23 pieces of gold, after 4294 moves. You were level 6 with a maximum of 41 hit points when you died.